[ AOE2 MATCH · #487804981 ]
UnrankedWu vs Persians
[ REPLAY ANALYSIS · EXTRACTED FROM THE RECORDED GAME ]
Feudal
13:12
Castle
18:59
Imperial
—
| APM avg | 22.2 |
| APM peak | 79 |
| eAPM avg | 9.4 |
| Villagers / military | 34 / 2 |
Focus
⚔️ 26.8% · 🌾 73.2%
Fishing Ship ×10 · Archer ×2
Feudal
11:26
Castle
20:36
Imperial
—
| APM avg | 37.6 |
| APM peak | 73 |
| eAPM avg | 15.1 |
| Villagers / military | 34 / 7 |
Focus
⚔️ 30.8% · 🌾 69.2%
Fishing Ship ×18 · Galley ×4 · Fire Galley ×3 · Unknown (2626) ×2
Feudal
12:40
Castle
16:11
Imperial
—
| APM avg | 16.3 |
| APM peak | 34 |
| eAPM avg | 10.0 |
| Villagers / military | 27 / 6 |
Focus
⚔️ 18.3% · 🌾 81.7%
Samurai ×6 · Fishing Ship ×4
Feudal
13:08
Castle
17:15
Imperial
—
| APM avg | 22.3 |
| APM peak | 45 |
| eAPM avg | 9.5 |
| Villagers / military | 26 / 11 |
Focus
⚔️ 13.8% · 🌾 86.2%
Fishing Ship ×8 · Knight ×7 · Battering Ram ×4
Match map
Initial resources + every placement click. Lines = walls · curves = elevation contours. ◆ gold · ⬟ stone · ● berries · ✦ relic · ◌ wall gap
Your base· Open — opponent sealed themselves in
Cello's base· ✓ Closed at 20:36 · 49t walls · no gate
Crestovnikoff's base· Open — 14t gap
deju30's base· Open — 10t gap
Smoothed initial terrain · ◌ = detected wall gap · hover for details
Inputs per minute
— [AJJRR] Minillop - - Cello
Build order — [AJJRR] Minillop
69 actions detected in the replay
| 0:40 | Build | Town Center |
| 0:59 | Build | House |
| 1:03 | Build | Dock |
| 2:52 | Create | Villager (Male) |
| 2:52 | Create | Villager (Male) |
| 2:52 | Create | Villager (Male) |
| 2:53 | Create | Villager (Male) |
| 2:53 | Create | Villager (Male) |
| 2:53 | Create | Villager (Male) |
| 3:57 | Create | Fishing Ship |
| 4:07 | Create | Villager (Male) |
| 5:03 | Create | Fishing Ship |
| 5:11 | Build | House |
| 5:21 | Create | Villager (Male) |
| 5:21 | Create | Villager (Male) |
| 5:49 | Create | Villager (Male) |
| 5:50 | Create | Villager (Male) |
| 6:04 | Create | Fishing Ship |
| 6:05 | Create | Fishing Ship |
| 6:14 | Build | House |
| 6:45 | Create | Villager (Male) |
| 6:45 | Create | Villager (Male) |
| 6:47 | Create | Fishing Ship |
| 6:49 | Create | Villager (Male) |
| 7:28 | Create | Fishing Ship |
| 7:30 | Create | Villager (Male) |
| 7:30 | Create | Villager (Male) |
| 8:11 | Build | House |
| 8:19 | Build | House |
| 8:22 | Create | Villager (Male) |
| 8:23 | Create | Villager (Male) |
| 8:25 | Create | Fishing Ship |
| 8:25 | Create | Fishing Ship |
| 8:28 | Build | House |
| 8:34 | Create | Villager (Male) |
| 8:35 | Create | Villager (Male) |
| 8:51 | Create | Villager (Male) |
| 9:13 | Research | Loom |
| 9:17 | Create | Villager (Male) |
| 9:17 | Create | Villager (Male) |
| 9:17 | Create | Villager (Male) |
| 9:33 | Create | Fishing Ship |
| 9:33 | Create | Fishing Ship |
| 9:52 | Create | Villager (Male) |
| 10:02 | Build | Mill |
| 10:18 | Build | House |
| 10:20 | Create | Villager (Male) ×5 |
| 10:45 | Build | House |
| 11:02 | Research | Feudal Age |
| 11:05 | Research | Loom |
| 12:06 | Build | Dock |
| 13:12 | Age | Feudal Age |
| 13:15 | Build | Blacksmith |
| 13:36 | Create | Villager (Male) |
| 13:36 | Create | Villager (Male) |
| 13:37 | Create | Villager (Male) |
| 14:03 | Research | Wheelbarrow |
| 15:36 | Build | Market |
| 15:54 | Create | Villager (Male) |
| 16:14 | Research | Castle Age |
| 16:47 | Build | Barracks |
| 16:53 | Build | Mining Camp |
| 17:32 | Build | Barracks |
| 18:57 | Build | Archery Range |
| 18:59 | Age | Castle Age |
| 19:36 | Create | Archer |
| 19:36 | Create | Archer |
| 20:01 | Research | Fletching |
| 20:07 | Research | Crossbowman (upgrade) |
Build order — Cello
119 actions detected in the replay
| 0:07 | Build | Town Center |
| 0:51 | Build | House |
| 0:52 | Build | Dock |
| 2:26 | Create | Villager (Male) |
| 2:27 | Create | Villager (Male) |
| 2:27 | Create | Fishing Ship |
| 2:29 | Create | Villager (Male) |
| 2:50 | Create | Villager (Male) |
| 3:00 | Create | Villager (Male) |
| 3:34 | Build | House |
| 4:00 | Create | Villager (Male) |
| 4:09 | Create | Fishing Ship |
| 4:41 | Create | Villager (Male) |
| 5:07 | Build | House |
| 5:09 | Create | Villager (Male) |
| 5:27 | Create | Fishing Ship |
| 5:40 | Create | Villager (Male) |
| 5:44 | Create | Villager (Male) |
| 6:03 | Create | Villager (Male) |
| 6:11 | Build | House |
| 6:20 | Create | Fishing Ship |
| 6:21 | Create | Villager (Male) |
| 6:43 | Create | Villager (Male) |
| 6:47 | Build | House |
| 6:51 | Create | Villager (Male) |
| 7:08 | Build | Palisade Wall |
| 7:15 | Build | Palisade Wall |
| 7:19 | Create | Villager (Male) |
| 7:22 | Create | Fishing Ship |
| 7:26 | Build | Palisade Wall |
| 7:27 | Build | Palisade Wall |
| 7:40 | Create | Villager (Male) |
| 7:54 | Build | Palisade Wall |
| 7:55 | Build | Palisade Wall |
| 8:01 | Create | Fishing Ship |
| 8:16 | Create | Villager (Male) |
| 8:26 | Build | Palisade Wall |
| 8:38 | Build | Mining Camp |
| 9:06 | Build | Palisade Wall |
| 9:22 | Research | Feudal Age |
| 9:44 | Build | Lumber Camp |
| 9:58 | Build | House |
| 10:00 | Build | Palisade Wall |
| 10:08 | Build | House |
| 10:53 | Build | Dock |
| 11:00 | Build | Palisade Wall |
| 11:26 | Age | Feudal Age |
| 11:33 | Build | Palisade Wall |
| 11:35 | Create | Villager (Male) |
| 11:37 | Research | Double-Bit Axe |
| 11:42 | Create | Unit 2626 |
| 11:46 | Create | Unit 2626 |
| 11:53 | Create | Villager (Male) |
| 11:56 | Build | Palisade Wall |
| 12:09 | Create | Galley |
| 12:11 | Create | Villager (Male) |
| 12:14 | Build | House |
| 12:15 | Build | Palisade Wall |
| 12:27 | Create | Galley |
| 12:37 | Create | Villager (Male) |
| 12:41 | Build | House |
| 12:54 | Create | Galley |
| 12:54 | Create | Galley |
| 13:03 | Create | Villager (Male) |
| 13:25 | Build | Dock |
| 13:39 | Create | Villager (Male) |
| 13:39 | Create | Villager (Male) |
| 13:41 | Build | House |
| 13:51 | Research | Tech 906 |
| 14:09 | Create | Villager (Male) |
| 14:34 | Create | Villager (Male) |
| 14:38 | Build | Mill |
| 14:44 | Build | Palisade Wall |
| 14:51 | Create | Fishing Ship |
| 14:52 | Create | Fishing Ship |
| 14:52 | Create | Fishing Ship |
| 14:52 | Create | Fishing Ship |
| 14:53 | Create | Fishing Ship |
| 15:05 | Create | Villager (Male) |
| 15:07 | Build | Palisade Wall |
| 15:15 | Build | House |
| 15:36 | Create | Villager (Male) |
| 15:36 | Create | Villager (Male) |
| 15:42 | Build | Lumber Camp |
| 15:47 | Build | Blacksmith |
| 15:57 | Create | Fishing Ship |
| 15:57 | Create | Fishing Ship |
| 15:59 | Create | Villager (Male) |
| 16:02 | Create | Fishing Ship |
| 16:34 | Create | Villager (Male) |
| 16:46 | Build | Market |
| 16:55 | Create | Villager (Male) |
| 17:35 | Create | Fire Galley |
| 17:35 | Create | Fire Galley |
| 17:44 | Create | Fire Galley |
| 17:47 | Create | Villager (Male) |
| 17:56 | Build | Stone Wall |
| 18:11 | Research | Castle Age |
| 18:22 | Build | Barracks |
| 18:36 | Build | Barracks |
| 18:39 | Research | Scale Barding Armor |
| 18:47 | Create | Fishing Ship |
| 18:47 | Create | Fishing Ship |
| 18:48 | Create | Fishing Ship |
| 18:48 | Create | Fishing Ship |
| 18:52 | Build | House |
| 18:56 | Build | House |
| 18:57 | Build | House |
| 18:58 | Build | House |
| 18:59 | Build | House |
| 19:35 | Build | Stable |
| 19:41 | Research | Forging |
| 19:44 | Research | Gold Mining |
| 20:00 | Build | Stable |
| 20:30 | Research | Bloodlines |
| 20:36 | Age | Castle Age |
| 20:40 | Create | Villager (Male) |
| 20:42 | Research | Gillnets |
| 20:46 | Research | War Galley (upgrade) |
Build order — Crestovnikoff
64 actions detected in the replay
| 0:37 | Build | Town Center |
| 0:52 | Build | House |
| 1:51 | Build | House |
| 1:56 | Build | Dock |
| 2:49 | Create | Villager (Male) |
| 2:49 | Create | Villager (Male) |
| 2:50 | Create | Villager (Male) |
| 3:41 | Create | Villager (Male) |
| 4:16 | Create | Fishing Ship |
| 4:26 | Research | Loom |
| 4:37 | Create | Villager (Male) |
| 5:12 | Create | Villager (Male) |
| 5:26 | Create | Fishing Ship |
| 5:43 | Create | Villager (Male) |
| 6:05 | Create | Villager (Male) |
| 6:23 | Build | House |
| 6:27 | Build | House |
| 6:34 | Create | Villager (Male) |
| 6:56 | Create | Villager (Male) |
| 7:19 | Create | Villager (Male) |
| 7:29 | Create | Villager (Male) |
| 7:33 | Build | Mill |
| 7:41 | Create | Fishing Ship |
| 8:02 | Create | Villager (Male) |
| 8:18 | Create | Villager (Male) |
| 8:39 | Create | Fishing Ship |
| 8:44 | Create | Villager (Male) |
| 9:12 | Build | Mining Camp |
| 9:25 | Create | Villager (Male) |
| 9:51 | Create | Villager (Male) |
| 10:30 | Research | Feudal Age |
| 10:39 | Build | House |
| 11:33 | Create | Villager (Male) |
| 11:33 | Create | Villager (Male) |
| 12:40 | Age | Feudal Age |
| 12:42 | Build | Market |
| 12:46 | Build | Blacksmith |
| 13:31 | Research | Castle Age |
| 14:03 | Build | Lumber Camp |
| 14:27 | Research | Scale Mail Armor |
| 15:20 | Research | Forging |
| 15:36 | Research | Double-Bit Axe |
| 16:02 | Create | Villager (Male) |
| 16:11 | Age | Castle Age |
| 16:17 | Build | Castle |
| 16:34 | Create | Villager (Male) |
| 16:39 | Build | Farm |
| 16:41 | Research | Horse Collar |
| 16:53 | Build | Mining Camp |
| 17:03 | Create | Villager (Male) |
| 17:26 | Create | Samurai |
| 17:55 | Create | Villager (Male) |
| 17:58 | Create | Samurai |
| 18:12 | Create | Samurai |
| 18:31 | Create | Villager (Male) |
| 18:35 | Create | Samurai |
| 18:50 | Create | Villager (Male) |
| 18:52 | Build | Farm |
| 19:06 | Build | Siege Workshop |
| 19:14 | Build | Farm |
| 19:18 | Create | Villager (Male) |
| 20:12 | Create | Samurai |
| 20:12 | Create | Samurai |
| 20:42 | Create | Villager (Male) |
Build order — deju30
70 actions detected in the replay
| 0:26 | Build | Town Center |
| 0:50 | Build | Dock |
| 1:31 | Build | House |
| 2:36 | Create | Villager (Male) |
| 2:36 | Create | Villager (Male) |
| 2:36 | Create | Villager (Male) |
| 2:46 | Create | Fishing Ship |
| 3:09 | Create | Villager (Male) |
| 3:20 | Research | Loom |
| 3:22 | Create | Villager (Male) |
| 3:48 | Create | Villager (Male) |
| 4:02 | Create | Villager (Male) |
| 4:02 | Create | Villager (Male) |
| 4:21 | Create | Villager (Male) |
| 4:57 | Build | House |
| 5:06 | Create | Villager (Male) |
| 5:45 | Create | Villager (Male) |
| 6:00 | Build | House |
| 6:22 | Create | Villager (Male) |
| 6:45 | Create | Villager (Male) |
| 7:00 | Create | Villager (Male) |
| 7:07 | Create | Fishing Ship |
| 7:12 | Create | Villager (Male) |
| 7:31 | Create | Villager (Male) |
| 7:53 | Build | House |
| 8:13 | Create | Villager (Male) |
| 8:27 | Create | Villager (Male) |
| 8:33 | Create | Fishing Ship |
| 9:05 | Create | Fishing Ship |
| 9:25 | Build | House |
| 9:27 | Create | Villager (Male) |
| 9:28 | Create | Villager (Male) |
| 9:54 | Create | Villager (Male) |
| 10:22 | Build | Mining Camp |
| 10:24 | Create | Villager (Male) |
| 10:47 | Build | House |
| 11:04 | Research | Feudal Age |
| 11:46 | Build | House |
| 11:47 | Create | Fishing Ship |
| 12:24 | Build | Barracks |
| 13:08 | Age | Feudal Age |
| 13:13 | Research | Wheelbarrow |
| 13:28 | Build | Blacksmith |
| 14:18 | Build | Stable |
| 14:22 | Create | Villager (Male) |
| 14:50 | Research | Castle Age |
| 15:31 | Build | Lumber Camp |
| 15:39 | Create | Fishing Ship |
| 15:58 | Research | Double-Bit Axe |
| 16:43 | Build | Mill |
| 16:58 | Create | Fishing Ship |
| 17:15 | Age | Castle Age |
| 17:16 | Create | Knight |
| 17:16 | Create | Knight |
| 17:20 | Build | Siege Workshop |
| 17:32 | Create | Knight |
| 17:38 | Create | Villager (Male) |
| 17:49 | Create | Battering Ram |
| 17:49 | Create | Battering Ram |
| 17:56 | Create | Villager (Male) |
| 18:15 | Create | Knight |
| 18:27 | Create | Battering Ram |
| 18:33 | Build | House |
| 18:51 | Create | Knight |
| 18:56 | Create | Villager (Male) |
| 19:00 | Create | Fishing Ship |
| 19:54 | Build | Mill |
| 19:56 | Create | Battering Ram |
| 20:37 | Create | Knight |
| 20:37 | Create | Knight |
Match timeline
| 0:50 | deju30 · first_building Dock |
| 0:52 | Cello · first_building Dock |
| 1:03 | [AJJRR] Minillop · first_building Dock |
| 1:56 | Crestovnikoff · first_building Dock |
| 7:08 | Cello · wall_segment Palisade Wall x1 |
| 7:15 | Cello · wall_segment Palisade Wall x1 |
| 7:26 | Cello · wall_segment Palisade Wall x1 |
| 7:27 | Cello · wall_segment Palisade Wall x1 |
| 7:54 | Cello · wall_segment Palisade Wall x1 |
| 7:55 | Cello · wall_segment Palisade Wall x1 |
| 8:26 | Cello · wall_segment Palisade Wall x7 |
| 9:06 | Cello · wall_segment Palisade Wall x1 |
| 10:00 | Cello · wall_segment Palisade Wall x10 |
| 11:00 | Cello · wall_segment Palisade Wall x7 |
| 11:26 | Cello · age_up feudal |
| 11:33 | Cello · wall_segment Palisade Wall x1 |
| 11:56 | Cello · wall_segment Palisade Wall x1 |
| 12:15 | Cello · wall_segment Palisade Wall x7 |
| 12:24 | deju30 · first_building Barracks |
| 12:40 | Crestovnikoff · age_up feudal |
| 13:08 | deju30 · age_up feudal |
| 13:12 | [AJJRR] Minillop · age_up feudal |
| 13:23 | Crestovnikoff · first_market_sell 100 stone |
| 14:18 | deju30 · first_building Stable |
| 14:44 | Cello · wall_segment Palisade Wall x1 |
| 15:07 | Cello · wall_segment Palisade Wall x1 |
| 16:11 | Crestovnikoff · age_up castle |
| 16:12 | [AJJRR] Minillop · first_market_sell 100 stone |
| 16:17 | Crestovnikoff · first_building Castle |
| 16:47 | [AJJRR] Minillop · first_building Barracks |
| 17:15 | deju30 · age_up castle |
| 17:20 | deju30 · first_building Siege Workshop |
| 17:56 | Cello · wall_segment Stone Wall x9 |
| 18:03 | Cello · first_market_buy 100 food |
| 18:22 | Cello · first_building Barracks |
| 18:57 | [AJJRR] Minillop · first_building Archery Range |
| 18:59 | [AJJRR] Minillop · age_up castle |
| 19:06 | Crestovnikoff · first_building Siege Workshop |
| 19:35 | Cello · first_building Stable |
| 20:36 | Cello · age_up castle |
| 20:44 | deju30 · resign |
[ AI ANALYSIS · 1 CREDIT ]
What really happened in this match?
Wolo.gg analyzes every decision: build order, eco, micro, common mistakes by bracket. Personalized analysis on WhatsApp or Discord in 30 seconds.
Civ guide
Wu
Perfil
[AJJRR] Minillop